 Dungeon Crawl Stone Soup version 0.28-a0-2-g643f2454ad (webtiles) character file.

Game seed: 14509455398719737034

12 Wyvernaa the Shield-Bearer (level 2, 0/16 HPs)
             Began as a Vine Stalker Fighter on July 23, 2021.
             Succumbed to an adder's poison
             ... on level 2 of the Dungeon.
             The game lasted 00:02:32 (990 turns).

Wyvernaa the Shield-Bearer (Vine Stalker Fighter)    Turns: 990, Time: 00:02:33

Health: 0/16       AC:  6    Str: 18    XL:     2   Next: 33%
Magic:  1/3        EV:  7    Int:  8    God:
Gold:   75         SH:  9    Dex: 13    Spells: 1/1 levels left

rFire   . . .      SeeInvis .   a - +1 rapier
rCold   . . .      Faith    .   c - +0 kite shield
rNeg    . . .      Spirit   +   b - +0 scale mail
rPois   .          Reflect  .   (no helmet)
rElec   .          Harm     .   f - scarf {+Inv}
rCorr   .          Rampage  .   (no gloves)
Will    .....                   (no boots)
Stlth   ..........              (no amulet)
HPRegen 0.05/turn               (no ring)
MPRegen 0.08/turn               (no ring)

@: mighty, lethally poisoned (0 -> -2)
A: fangs 2, magic shield, antimagic bite, no potion heal 2
a: Evoke Invisibility


You were on level 2 of the Dungeon.
You visited 1 branch of the dungeon, and saw 2 of its levels.

You collected 75 gold pieces.

Inventory:

Hand Weapons
 a - a +1 rapier (weapon)
Armour
 b - a +0 scale mail (worn)
 c - a +0 kite shield (worn)
 f - a scarf of invisibility (worn)


   Skills:
 + Level 2.8 Fighting
 * Level 1.8 Short Blades
 + Level 2.7 Armour
 * Level 2.8 Shields


You had one spell level left.
You didn't know any spells.
Your spell library contained the following spells:

 Spells                   Type           Power      Damage    Failure   Level
 Animate Skeleton         Necr           0%         N/A       100%        1
 Pain                     Necr           0%         1d4       100%        1
 Vampiric Draining        Necr           0%         2d6       100%        3


Dungeon Overview and Level Annotations

Branches:
Dungeon (2/15)

Altars:

Annotations:
D:1 wand of digging


Innate Abilities, Weirdness & Mutations

You have extremely sharp teeth.
When hurt, damage is shared between your health and your magic reserves.
Your bite disrupts and absorbs the magic of your enemies.
Potions cannot restore your health.


Message History

Found a stone staircase leading up.
You block the quokka's attack.
The quokka bites you but does no damage.
You closely miss the quokka. Your bite misses the quokka.
You block the quokka's attack. The adder bites you.
You miss the adder. Your bite misses the adder.
The quokka bites you but does no damage.
The adder closely misses you.
The quokka bites you but does no damage.
You block the adder's attack.
You hit the adder.
The adder is heavily wounded.
You block the adder's attack. You block the quokka's attack.
The adder bites you but does no damage. The quokka bites you.
You closely miss the adder.
The adder is heavily wounded.
You block the adder's attack. The quokka closely misses you.
The adder bites you. You block the adder's attack.
The quokka twitches its whiskers.
The quokka barely misses you. The adder bites you.
You are lethally poisoned!
The adder poisons you!
* * * LOW HITPOINT WARNING * * *
You feel sick.
There is an open door here.
* * * LOW HITPOINT WARNING * * *
You feel sick.
You feel very mighty all of a sudden.
* * * LOW HITPOINT WARNING * * *
You feel sick.
The quokka bites you but does no damage.
You puncture the quokka!
You kill the quokka!
* * * LOW HITPOINT WARNING * * *
You feel sick. The adder closely misses you.
You barely miss the adder.
The adder is moderately wounded.
You die...

#.......#
###.......#
.......$..#
#.......# #.......#
#####...# #. #..>#
##.#### ##S##
#.....# #@#
##.8#8.## #.#
#..#[#..####.###..#
#..8#8............#
#.........##.#.#..#
#.........##.#.#..#
#....<...........#
#####)#.#.###.#..#
#.#.#.# ....


You could see an adder.

Vanquished Creatures
  A worm (D:2)
  An endoplasm (D:1)
  2 hobgoblins (D:2)
  2 quokkas
  A frilled lizard (D:1)
  2 rats (D:1)
9 creatures vanquished.

Notes
Turn   | Place    | Note
-------+----------+-------------------------------------------
     0 | D:1      | Wyvernaa the Vine Stalker Fighter began the quest for the
                  | Orb.
     0 | D:1      | Reached XP level 1. HP: 11/11 MP: 2/2
   572 | D:1      | Found a faded altar of an unknown god.
   881 | D:2      | Reached XP level 2. HP: 12/16 MP: 3/3
   990 | D:2      | Succumbed to an adder's poison

Illustrated notes

Levels and vault maps discovered:
D:1:      minmay_arrival_glassed_features, layout_loops_corners,
          shapermc_ecumenical_altar_venn
D:2:      layout_basic, minmay_statues_item

Action                   || total
-------------------------++-------
Melee: Rapier            ||    28
       Bite              ||     5
  Use: Scroll            ||     3
       Potion            ||     1
Armor: Scale mail        ||     8
Dodge: Dodged            ||     8
Block: Kite shield       ||    16

Table legend: (Time is in decaauts)
 A = Elapsed time spent in this place.
 B = Non-inter-level travel time spent in this place.
 C = Inter-level travel time spent in this place.
 D = Time resting spent in this place.
 E = Time spent auto-exploring this place.
 F = Levels seen in this place.
 G = Mean time per level.
                   A        B        C        D        E       F      G
               +--------+--------+--------+--------+--------+-----+--------+
         Total |    999 |    977 |     22 |      0 |    884 |   2 |  499.5 |
       Dungeon |    999 |    977 |     22 |      0 |    884 |   2 |  499.5 |
               +--------+--------+--------+--------+--------+-----+--------+

Top non-repeatable levels by time:
     D:1: 844 daAuts
     D:2: 155 daAuts
